 Dungeon Sprint DCSS version 0.31-a0-1278-g11c5b68f87 (webtiles) character file.

Game seed: 7609566377714302971

28 bmb222 the Changeling (level 3, -5/25 (26) HPs)
             Began as a Demonspawn Shapeshifter on Dec 17, 2023.
             Killed from afar by Crazy Yiuf (12 damage)
             ... in the Dungeon (Sprint III: "The Ten Rune Challenge").
             The game lasted 00:00:27 (106 turns).

bmb222 the Changeling (Demonspawn Shapeshifter)      Turns: 106, Time: 00:00:27

HP:   -5/25 (26)    AC:  2    Str: 16    XL:     3   Next: 0%
MP:   3/3           EV:  6    Int: 10    God:
Gold: 4             SH:  0    Dex: 12    Spells: 2/2 levels left

rFire   . .          .
                       - Unarmed
rCold   . . .        (no shield)
rNeg    . . .        a - +0 animal skin
rPois   .            (helmet currently unavailable)
rElec   .            (cloak currently unavailable)
rCorr   .            (gloves currently unavailable)
SInv    .            (boots currently unavailable)
Will    .....        (no amulet)
Stlth   ++           (no ring)
HPRegen 0.24/turn    (no ring)
MPRegen 0.08/turn

%: no teleportation
@: beast-form, held, hasted, lightly drained, very quick
A: beast (slay +2), horns 1, condensation shield
a: Begin Untransformation


You were in the Dungeon.
You were a hulking beast.
You visited 1 branch You collected 4 gold pieces.

Inventory:

Hand Weapons
 l - a +0 club
Armour
 a - a +0 animal skin (worn)
Talismans
 c - a beast talisman
 d - a flux talisman
Wands
 k - a wand of flame (14)
Scrolls
 j - a scroll of blinking
Potions
 b - a potion of lignification
 e - a potion of curing
 f - a potion of heal wounds
 h - 2 potions of magic
 i - a potion of berserk rage


   Skills:
 + Level 1.0 Fighting
 + Level 2.4 Dodging
 + Level 1.5 Stealth
 + Level 4.2 Unarmed Combat
 + Level 4.2 Shapeshifting


You had 2 spell levels left.
You didn't know any spells.
Your spell library was empty.

Dungeon Overview and Level Annotations

Branches:
Dungeon (1/1)

Altars:

Annotations:
D Crazy Yiuf


Innate Abilities, Weirdness & Mutations

You are a hulking beast.
Your limbs bulge with bestial killing power. (Slay +2)
You have a pair of small horns on your head.
A meltable shield of frost defends you. (SH +4)


Message History

You have reached level 3!
Your experience leads to an increase in your attributes!
Increase (S)trength, (I)ntelligence, or (D)exterity?
You feel stronger. x2; Your demonic ancestry asserts itself...
Frost condenses into a shield before you.
k - a wand of flame (14)
Things that are here:
a +0 club; a +0 robe; the human corpse of Jessica
l - a +0 club
Okay, then.
You start resting.
You start resting.
HP restored.
A human comes into view.
A human is nearby!
A human is nearby!
Crazy Yiuf the Enlightened comes into view.
He is wielding a +4 quarterstaff of chaos.
The human shouts!
Crazy Yiuf shouts!
Okay, then.
You feel yourself speed up.
You hit Crazy Yiuf.
Crazy Yiuf is lightly wounded.
You block Crazy Yiuf's attack.
You punch Crazy Yiuf! You headbutt Crazy Yiuf.
Crazy Yiuf is heavily wounded.
You barely miss Crazy Yiuf. You punch Crazy Yiuf.
Crazy Yiuf is severely wounded.
Crazy Yiuf hits you with a +4 quarterstaff of chaos.
You feel drained.
You closely miss Crazy Yiuf. Your headbutt misses Crazy Yiuf.
Crazy Yiuf is severely wounded.
The human barely misses you.
You hit Crazy Yiuf.
Crazy Yiuf is almost dead.
Crazy Yiuf hits you with a +4 quarterstaff of chaos!
Ouch! That really hurt!
* * * LOW HITPOINT WARNING * * *
The Crazy Yiuf's quarterstaff of chaos hits you!
You are caught in a web!
You die...

▓▓▓▓▓▓▓▓▓
▓<..#[..####
▓...#......##
▓..##.......# .#
▓##.##.##...# .#
##.##.###.[# ..#
▓#.####.##..# ...+
▓.###†.##.h##
#...# ▓#.....##pg#
#p...#
###..##...##.....#
##..##....#......#
#..###..##.#.....#
#..# #.. ####....#
▓▓▓▓ ▓▓▓ ▓▓▓▓▓


You could see a human and Crazy Yiuf.

Vanquished Creatures
  Jessica (D)
  An endoplasm (D)
  2 rats (D)
4 creatures vanquished.

Notes
Turn   | Place    | Note
-------+----------+-------------------------------------------
     0 | D        | bmb222 the Demonspawn Shapeshifter began the quest for the
                  | Orb.
     0 | D        | Reached XP level 1. HP: 15/15 MP: 1/1
    15 | D        | Reached skill level 1 in Stealth
    38 | D        | Noticed Jessica
    46 | D        | Killed Jessica
    47 | D        | Discovered your monstrous ancestry.
    47 | D        | Gained mutation: You have a pair of small horns on your
                  | head. [demonic ancestry]
    47 | D        | Reached XP level 2. HP: 12/21 MP: 2/2
    47 | D        | Gained mutation: A meltable shield of frost defends you.
                  | (SH +4) [demonic ancestry]
    47 | D        | Reached XP level 3. HP: 15/26 MP: 3/3
    95 | D        | Noticed Crazy Yiuf
   106 | D        | Killed from afar by Crazy Yiuf

Illustrated notes

Levels and vault maps discovered:
D:        dungeon_sprint_mu [sprint_mu_entry_cave, sprint_mu_temple_rooms,
          sprint_mu_d1_spiders, sprint_mu_d2_genie, sprint_mu_d3_branching,
          sprint_mu_orc_legion, sprint_mu_elf_gauntlet, sprint_mu_hive_nellie,
          sprint_mu_lair_fedhas, sprint_mu_vaults_butterflies,
          sprint_mu_slime_circle, sprint_mu_swamp_cave, sprint_mu_snake_twists,
          sprint_mu_blade_basic, sprint_mu_crypt_fortress,
          sprint_mu_tomb_spiral, sprint_mu_vestibule_basic,
          sprint_mu_gehenna_hellfire, sprint_mu_dis_giant,
          sprint_mu_tartarus_statrot, sprint_mu_cocytus_islands, sprint_mu_zot1]

Skill      XL: |  1 |
---------------+----+-----
Shapeshifting  | 4 |  4.2
Dodging        | 2 |  2.4
Stealth        | 1 |  1.5
Unarmed Combat | 4 |  4.2
Fighting       | |  1.0

Action                     || total
---------------------------++-------
  Melee: Unarmed           ||    17
         Headbutt          ||     1
         Punch             ||     1
    Use: Potion            ||     1
   Stab: Sleeping          ||     2
 Armour: Animal skin       ||     5
  Dodge: Dodged            ||     7
  Block: Other             ||     1

Table legend: (Time is in decaauts)
 A = Elapsed time spent in this place.
 B = Non-inter-level travel time spent in this place.
 C = Inter-level travel time spent in this place.
 D = Time resting spent in this place.
 E = Time spent auto-exploring this place.
 F = Levels seen in this place.
 G = Mean time per level.
                   A        B        C        D        E       F      G
               +--------+--------+--------+--------+--------+-----+--------+
         Total |    104 |    104 |      0 |     39 |     27 |   1 |  104.0 |
       Dungeon |    104 |    104 |      0 |     39 |     27 |   1 |  104.0 |
               +--------+--------+--------+--------+--------+-----+--------+

Top non-repeatable levels by time:
       D: 104 daAuts
